 Dungeon Crawl Stone Soup version 0.25.1-2-g60ff931df9 (webtiles) character file.

Game seed: 8345242460433105333

106 Ethylacetat the Chiller (level 4, 0/36 HPs)
             Began as a Naga Ice Elementalist on Aug 20, 2020.
             Succumbed to a gnoll's poison
             ... on level 2 of the Dungeon.
             The game lasted 00:03:09 (1519 turns).

Ethylacetat the Chiller (Naga Ice Elementalist)     Turns: 1519, Time: 00:03:10

Health: 0/36       AC:  2    Str: 11    XL:     4   Next: 84%
Magic:  8/8        EV: 10    Int: 16    God:
Gold:   102        SH:  0    Dex: 11    Spells: 5/9 levels left

rFire    . . .     SeeInvis +   b - +2 whip (elec)
rCold    . . .     Gourm    .   (no shield)
rNeg     . . .     Faith    .   a - +0 robe
rPois    +         Spirit   .   (no helmet)
rElec    .         Reflect  .   (no cloak)
rCorr    .         Harm     .   (no gloves)
MR       .....                  (no barding)
Stlth    ++........             (no amulet)
HPRegen  0.12/turn              (no ring)
MPRegen  0.11/turn              (no ring)

@: brilliant, lethally poisoned (0 -> -7), very slow
A: large, see invisible, deformed body, poison resistance, slowness 2, slow
metabolism 1, spit poison 1, AC +1
a: Spit Poison


You were on level 2 of the Dungeon.
You were not hungry.

You visited 1 branch of the dungeon, and saw 3 of its levels.

You collected 102 gold pieces.

Inventory:

Hand Weapons
 b - a +2 whip of electrocution (weapon)
Missiles
 k - 32 arrows
Armour
 a - a +0 robe (worn)
Wands
 n - a wand of random effects (19)
Scrolls
 d - a scroll of fog {unknown}
 f - a scroll of blinking {unknown}
 g - 2 scrolls of enchant armour {unknown}
 h - 2 scrolls of identify {unknown}
 j - a scroll of teleportation {unknown}
Potions
 i - a potion of brilliance
 l - a potion of might {unknown}
Comestibles
 c - 3 rations
 m - 6 chunks of flesh


   Skills:
 - Level 1.5 Dodging
 - Level 3.0 Stealth
 + Level 3.0 Spellcasting
 * Level 5.4 Ice Magic


You had 5 spell levels left.
You knew the following spells:

 Your Spells              Type           Power        Failure   Level  Hunger
a - Freeze                Ice            ####         1%          1    None
b - Frozen Ramparts       Ice            ####..       6%          3    None

Your spell library contained the following spells:

 Spells                   Type           Power        Failure   Level  Hunger
 Ozocubu's Armour         Chrm/Ice       ###.....     19%         3    None
 Hailstorm                Conj/Ice       ###.....     52%         4    None
 Summon Ice Beast         Ice/Summ       ###.....     52%         4    None


Dungeon Overview and Level Annotations

Branches:
Dungeon (3/15)

Altars:

Annotations:
D:3 1 runed translucent door, z0mbie90's ghost, amateur OpWz


Innate Abilities, Weirdness & Mutations

You cannot wear boots.
Your serpentine skin is tough. (AC +1)
You have supernaturally acute eyesight. (SInv)
Armour fits poorly on your strangely shaped body.
Your system is resistant to poisons. (rPois)
You cover ground very slowly.
You have a slow metabolism.
You can spit poison.


Message History

You barely miss the gnoll.
The gnoll is severely wounded.
The gnoll hits you with a +2 whip of venom.
You are poisoned.
The gnoll closely misses you.
The gnoll hits you with a +2 whip of venom.
You are too injured to fight recklessly!
You hit the gnoll.
The gnoll is almost dead.
You feel sick. The gnoll hits you.
* * * LOW HITPOINT WARNING * * *
The gnoll closely misses you.
It was a potion of cancellation.
You feel magically purged.
* * * LOW HITPOINT WARNING * * *
You feel sick. The gnoll closely misses you.
The gnoll hits you with a +2 whip of venom.
* * * LOW HITPOINT WARNING * * *
It was a potion of brilliance.
You feel clever all of a sudden.
You die...

. # #.# #.#.# #. #.#
#.#.#### #. #.# #.#>##.#
#. #.# #.#.#... #. ##.#
#.#..... #.
##..###....... #.
##.............
.#####.###%###.##.###...
).....g@...# ##.######..
######g....# .........
####.#.# .#######.
##.#.# ## #. #...# #.
#### #< ##


You could see 2 gnolls.

Vanquished Creatures
  A gnoll (D:2)
  4 adders (D:2)
  3 oozes
  A dart slug (D:1)
  A leopard gecko (D:1)
  A ball python (D:3)
  2 bats (D:2)
  4 giant cockroaches
  7 goblins
  2 hobgoblins
  4 jackals (D:1)
  5 kobolds
  6 frilled lizards
  6 rats
47 creatures vanquished.

Notes
Turn   | Place    | Note
-------+----------+-------------------------------------------
     0 | D:1      | Ethylacetat the Naga Ice Elementalist began the quest for
                  | the Orb.
     0 | D:1      | Reached XP level 1. HP: 15/15 MP: 3/3
   341 | D:1      | Reached XP level 2. HP: 22/22 MP: 5/5
   563 | D:1      | Reached XP level 3. HP: 25/28 MP: 6/6
   575 | D:1      | Learned a level 3 spell: Frozen Ramparts
  1208 | D:2      | Reached skill level 5 in Ice Magic
  1214 | D:2      | Reached XP level 4. HP: 35/36 MP: 6/8
  1426 | D:2      | You fall into a shaft and drop 1 floor!
  1492 | D:3      | Found a runed translucent door.
  1494 | D:3      | Noticed z0mbie90's ghost (amateur OpWz)
  1518 | D:2      | HP: 1/36 [gnoll/+2 whip of venom (6)]
  1519 | D:2      | Succumbed to a gnoll's poison

Illustrated notes

Levels and vault maps discovered:
D:1:      dpeg_arrival_court, layout_rooms, chequers_serial_rivers_room_b
D:2:      layout_loops_ring, yredelemnul_forgotten_temple_becter, first_ration
D:3:      layout_loops_ring, marbit_many_paths, nicolae_overflow_crystal_walls,
          ebering_ghost_inner_flame

Skill      XL: |  1  2  3  4 |
---------------+-------------+-----
Ice Magic      | 5 |  5.4
Spellcasting   | 3 |  3.0
Dodging        | |  1.5
Stealth        | |  3.0

Action                   |  1- 3 |  4- 6 || total
-------------------------+-------+-------++-------
Melee: Whip              |    74 |    33 ||   107
       Unarmed           |     3 |       ||     3
 Cast: Freeze            |     3 |       ||     3
       Frozen Ramparts   |     1 |       ||     1
 Abil: Spit Poison       |     9 |     4 ||    13
  Use: Potion            |       |     2 ||     2
 Stab: Sleeping          |     1 |     3 ||     4
  Eat: Chunk             |       |     2 ||     2
Armor: Robe              |    10 |     6 ||    16
Dodge: Dodged            |    56 |    25 ||    81
